 Adventure DCSS version bcrawl-1.21.3-16-g7f46a08de7 (webtiles) character file.

Game seed: 17236022497310763937

11118 funkygono the Basher (level 11, -8/92 HPs)
             Began as a Gnoll Fighter on Apr 28, 2020.
             Was a High Priest of Okawaru.
             Shot with a bolt by an orc warrior (10 damage)
             ... in the Orcish Mines on Apr 29, 2020.
             The game lasted 00:57:24 (16266 turns).

funkygono the Basher (Gnoll Fighter)               Turns: 16266, Time: 00:57:25

Health: -8/92      AC:  9    Str: 20    XL:     11   Next: 72%
Magic:  3/23       EV: 20    Int: 20    God:    Okawaru [*****.]
Gold:   1045       SH:  4    Dex: 27    Spells: 15/26 levels left
                                        Lives:  0   Deaths: 2

rFire    . . .     SeeInvis .   L - +4 triple sword "Raenteng" {freeze, rF+ rC- MR+ Int+7}
rCold    x . .     Gourm    .   (shield currently unavailable)
rNeg     . . .     Faith    .   T - +0 leather armour "Aqidi" {rC- MR+++ Dex+7 Stlth-} (curse)
rPois    .         Spirit   .   P - +1 hat
rElec    .         Reflect  .   f - +1 cloak
rCorr    .         Harm     .   (no gloves)
MR       ++++.                  t - +0 pair of boots
Stlth    +++.......             (no amulet)
HPRegen  0.25/turn              j - +4 ring of dexterity
MPRegen  0.18/turn              v - ring of ice

@: very slightly contaminated, studying Maces & Flails
A: distributed training, fangs 1, strong nose
a: Heroism, Finesse, Renounce Religion


You were in the Orcish Mines.
You worshipped Okawaru.
Okawaru was extremely pleased with you.
You were not hungry.

You visited 4 branches of the dungeon, and saw 14 of its levels.
You also visited: Sewer and Ossuary.

You collected 1045 gold pieces.

Inventory:

Hand Weapons
 d - a +2 flail of protection
 A - the +4 spear "Hywoojo" {flame, MR- Dex+6 SInv}
   (You found it on level 5 of the Dungeon)

   It has been specially enchanted to burn those struck by it, causing extra
   injury to most foes and up to half again as much damage against particularly
   susceptible opponents.
   It affects your dexterity (+6).
   It affects your resistance to hostile enchantments.
   It lets you see invisible.
 L - the +4 triple sword "Raenteng" (weapon) {freeze, rF+ rC- MR+ Int+7}
   (Okawaru gifted it to you on level 3 of the Lair of Beasts)

   It has been specially enchanted to freeze those struck by it, causing extra
   injury to most foes and up to half again as much damage against particularly
   susceptible opponents.
   It can also slow down cold-blooded creatures.
   It affects your intelligence (+7).
   It protects you from fire.
   It makes you vulnerable to cold.
   It affects your resistance to hostile enchantments.
 N - a +0 shortbow
 R - a +2 triple crossbow of freezing
 S - a +0 lajatang
Missiles
 g - 2473 arrows
 i - 187 sling bullets
 l - 37 poisoned needles (quivered)
 Q - 567 bolts
Armour
 c - a +0 medium shield
 f - a +1 cloak (worn)
 k - a +0 scale mail of cold resistance
 t - a +0 pair of boots (worn)
 w - a +0 helmet
 H - the +2 robe of the Spider Nest {rF- rN+++ Slay-3 Stlth+}
   (You found it on level 1 of the Lair of Beasts)

   It affects your accuracy and damage with ranged weapons and melee attacks
   (-3).
   It makes you vulnerable to fire.
   It renders you almost immune to negative energy.
   It makes you more stealthy.
 J - the +0 robe of a bazaar {rElec Dex+3}
   (You found it on level 1 of the Lair of Beasts)

   It affects your dexterity (+3).
   It insulates you from electricity.
 P - a +1 hat (worn)
 T - the cursed +0 leather armour "Aqidi" (worn) {rC- MR+++ Dex+7 Stlth-}
   (You found it on level 3 of the Lair of Beasts)

   It affects your dexterity (+7).
   It makes you vulnerable to cold.
   It affects your resistance to hostile enchantments.
   It makes you less stealthy.
   It has a curse placed upon it.
Magical Staves
 B - an uncursed staff of summoning
Jewellery
 j - a +4 ring of dexterity (left hand)
 v - a ring of ice (right hand)
 I - an uncursed ring of ice
Wands
 p - a wand of polymorph (12)
 u - a wand of disintegration (20)
 y - a wand of iceblast (28)
 D - a wand of acid (9)
 M - a wand of flame (17)
 O - a wand of scattershot (3)
Scrolls
 b - a scroll of enchant weapon
 h - 7 scrolls of identify
 m - 2 scrolls of immolation
 o - 6 scrolls of teleportation
 q - 2 scrolls of blinking
 s - 2 scrolls of fear
 C - 6 scrolls of remove curse
 E - 3 scrolls of amnesia
 K - a scroll of fog
Potions
 a - 4 potions of curing
 n - 3 potions of flight
 r - 2 potions of invisibility
 x - a potion of mutation
 z - a potion of berserk rage
 F - 4 potions of agility
Books
 G - a manual of Maces & Flails
Comestibles
 e - 28 rations {!d}
 U - 21 chunks of flesh


   Skills:
 + Level 10.4 Fighting
 + Level 8.2 Short Blades
 + Level 8.2 Long Blades
 + Level 8.2 Axes
 + Level 10.5 Maces & Flails
 + Level 8.2 Polearms
 + Level 8.2 Staves
 + Level 8.2 Slings
 + Level 8.2 Bows
 + Level 8.2 Crossbows
 + Level 8.2 Throwing
 + Level 10.4 Armour
 + Level 8.2 Dodging
 + Level 8.2 Stealth
 + Level 10.4 Shields
 + Level 8.2 Unarmed Combat
 + Level 8.2 Spellcasting
 + Level 6.8 Conjurations
 + Level 6.8 Hexes
 + Level 6.8 Charms
 + Level 6.8 Summonings
 + Level 6.8 Necromancy
 + Level 6.8 Translocations
 + Level 6.8 Transmutations
 + Level 6.8 Fire Magic
 + Level 6.8 Ice Magic
 + Level 6.8 Air Magic
 + Level 6.8 Earth Magic
 + Level 6.8 Poison Magic
 + Level 9.0 Invocations
 + Level 8.2 Evocations


You had 15 spell levels left.
You knew the following spells:

 Your Spells              Type           Power        Failure   Level  Hunger
a - Pain                  Necr           #####.       1%          1    None
b - Sting                 Conj/Pois      ####         1%          1    None
c - Poisonous Vapours     Pois/Air       #####.       1%          2    None
d - Olgreb's Toxic Radia  Pois           #####...     5%          4    ###....
e - Ignite Poison         Fire/Tmut/Pois #####...     1%          3    None

Your spell library contained the following spells:

 Spells                   Type           Power        Failure   Level  Hunger
 Confuse                  Hex            #####...     1%          3    None
 Dazzling Spray           Conj/Hex       #####.       1%          3    None
 Petrify                  Tmut/Erth      #####...     5%          4    ###....
 Summon Scorpions         Summ/Pois      #####...     5%          4    ###....
 Yara's Violent Unravell  Hex/Tmut       #####.....   5%          4    ###....
 Iskenderun's Battlesphe  Conj/Chrm      #####...     16%         5    #####..
 Metabolic Englaciation   Hex/Ice        ######....   16%         5    #####..
 Venom Bolt               Conj/Pois      #####.....   16%         5    #####..
 Iron Shot                Conj/Erth      #####.....   65%         6    ######.
 Poison Arrow             Conj/Pois      #####.....   65%         6    ######.
 Mana Rupture             Conj/Hex       #####.....   99%         7    #######
 Orb of Destruction       Conj           #####.....   99%         7    #######
 Spellforged Servitor     Conj/Summ      #####.....   99%         7    #######


Dungeon Overview and Level Annotations

Branches:
Dungeon (8/12)             Temple (1/1) D:7            Lair (4/6) D:7
  Swamp (0/3) Lair:4        Snake (0/3) Lair:3          Orc (1/1) D:8
    Elf (0/3) Orc

Altars:
Ashenzari
Cheibriados
Dithmenos
Elyvilon
Fedhas
Gozag
Hepliaklqana
Kikubaaqudgha
Lugonu
Makhleb
Nemelex Xobeh
Okawaru
Qazlal
Ru
Sif Muna
Trog
Uskayaw
Vehumet
Wu Jian
Xom
Yredelemnul
Zin
The Shining One

Shops:
D:4 (   D:6 *

Annotations:
Lair:3 exclusion: oklob plant


Innate Abilities, Weirdness & Mutations

Your experience applies equally to all skills.
You have very sharp teeth.
Your uncanny sense of smell can sniff out nearby items.


Message History

Unknown command.
Casting: Ignite Poison (safe; 1% risk of failure)
Confirm with . or Enter, or press ? or * to list all spells.
You don't have enough magic to cast that spell.
Tossing away (i - inventory)
l - 38 poisoned needles (quivered)
Press: ? - help, Shift-Dir - straight line, f - orc warrior
Aim: an orc warrior, wielding a +0 arbalest and quivering 176 bolts (severely wounded)
You toss away a poisoned needle.
The poisoned needle hits the orc warrior!
The orc warrior is severely wounded.
The centaur shoots an arrow.
The arrow hits you but does no damage.
The orc warrior shoots a bolt.
The bolt completely misses you.
The centaur shoots an arrow.
The arrow completely misses you.
You hear a shout!
The centaur warrior shoots an arrow.
The arrow closely misses you.
The centaur shoots an arrow.
The arrow barely misses you.
The centaur warrior shoots an arrow.
The arrow hits you.
* * * LOW HITPOINT WARNING * * *
The orc warrior shoots a bolt.
The bolt hits you!
You die...

......≈≈# ≈≈..
##.o##.).###...##.
..)c..............
.....o...).........
##.......c..........
##.#......#..........
##.....#..............
##......#..............
#............).@.......
##.##.....#.)#..#......
######.....)...................
###...............c......#
###.##.......#...)).....
#####.#...#...$.).....
##^.........).....
#.#.#.....)))..# ##
............


You could see a centaur warrior, an orc warrior and a centaur.

Vanquished Creatures
  4 hydras
  A catoblepas (Lair:3)
  A centaur warrior (Orc)
  2 ugly things
  An orc knight (Orc)
  11 elephants
  A black mamba (Lair:1)
  3 centaur zombies
  3 cane toads
  A torpor snail (Lair:4)
  5 komodo dragons
  A hornet (D:7)
  3 trolls
  A queen bee (D:8)
  A slime creature (D:6)
  18 blink frogs
  2 dream sheep (Lair:4)
  3 hippogriffs (Lair:3)
  A wyvern (Lair:3)
  16 yaks
  Grum (D:8)
  A basilisk (Lair:3)
  A vampire mosquito (D:8)
  A hungry ghost (D:7)
  4 nagas
  6 water moccasins
  12 crocodiles
  11 porcupines
  A black bear (D:6)
  2 sky beasts
  An eye of draining (D:5)
  2 ice beasts
  5 orc warriors
  3 phantoms
  6 wolves
  7 centaurs
  7 ogres
  6 bullfrogs
  A big kobold (D:8)
  2 wyvern zombies
  3 scorpions
  15 killer bees
  2 howler monkeys
  2 electric eels
  A bullfrog zombie (D:5)
  5 crimson imps
  A human zombie (Ossuary)
  A jelly (D:6)
  A bullfrog skeleton (D:6)
  11 hounds
  6 orc wizards
  3 orc priests
  A centaur skeleton (D:4)
  Jessica (D:2)
  5 worker ants
  7 hell rats (Lair:2)
  2 big kobold zombies (Ossuary)
  A hound skeleton (D:4)
  3 mummies (Ossuary)
  2 howler monkey zombies
  11 gnolls
  12 adders
  7 adder zombies
  An adder skeleton (D:6)
  A worm (D:2)
  2 dart slugs
  4 leopard geckos
  37 orcs
  A ball python (D:5)
  3 bats
  5 giant cockroaches
  5 goblins
  9 hobgoblins
  13 jackals
  16 kobolds
  6 quokkas
  2 frilled lizards
  A gnoll zombie (Ossuary)
  A goblin zombie (Ossuary)
  2 hobgoblin zombies (Ossuary)
  A jackal skeleton (D:8)
  4 jackal zombies (Ossuary)
  7 kobold zombies (Ossuary)
  A leopard gecko zombie (D:6)
  3 orc zombies (Ossuary)
  A quokka skeleton (D:4)
  4 quokka zombies (Ossuary)
  2 rats
  4 rat zombies (Ossuary)
398 creatures vanquished.

Vanquished Creatures (others)
  A fungus (Lair:1)
  2 plants (Lair:4)
3 creatures vanquished.

Grand Total: 401 creatures vanquished

Notes
Turn   | Place    | Note
-------+----------+-------------------------------------------
     0 | D:1      | funkygono the Gnoll Fighter began the quest for the Orb.
     0 | D:1      | Reached XP level 1. HP: 23/23 MP: 1/1
   229 | D:1      | Reached XP level 2. HP: 28/29 MP: 2/2
   600 | D:1      | Reached XP level 3. HP: 35/35 MP: 3/3
   868 | D:2      | Noticed Jessica
   891 | D:2      | Killed Jessica
   891 | D:2      | Reached skill level 1 in Short Blades
   891 | D:2      | Reached skill level 1 in Long Blades
   891 | D:2      | Reached skill level 1 in Axes
   891 | D:2      | Reached skill level 1 in Polearms
   891 | D:2      | Reached skill level 1 in Staves
   891 | D:2      | Reached skill level 1 in Slings
   891 | D:2      | Reached skill level 1 in Bows
   891 | D:2      | Reached skill level 1 in Crossbows
   891 | D:2      | Reached skill level 1 in Throwing
   891 | D:2      | Reached skill level 1 in Dodging
   891 | D:2      | Reached skill level 1 in Stealth
   891 | D:2      | Reached skill level 1 in Unarmed Combat
   891 | D:2      | Reached skill level 1 in Spellcasting
   891 | D:2      | Reached skill level 1 in Invocations
   891 | D:2      | Reached skill level 1 in Evocations
   891 | D:2      | Reached XP level 4. HP: 41/41 MP: 5/5
  1206 | D:2      | Found an ancient bone altar of Kikubaaqudgha.
  1215 | D:2      | Found a shimmering blue altar of Sif Muna.
  1216 | D:2      | Found a radiant altar of Vehumet.
  1218 | D:2      | Identified Kikubaaqudgha's Papyrus of Black Secrets
  1519 | D:3      | Reached skill level 1 in Conjurations
  1519 | D:3      | Reached skill level 1 in Hexes
  1519 | D:3      | Reached skill level 1 in Charms
  1519 | D:3      | Reached skill level 1 in Summonings
  1519 | D:3      | Reached skill level 1 in Necromancy
  1519 | D:3      | Reached skill level 1 in Translocations
  1519 | D:3      | Reached skill level 1 in Transmutations
  1519 | D:3      | Reached skill level 1 in Fire Magic
  1519 | D:3      | Reached skill level 1 in Ice Magic
  1519 | D:3      | Reached skill level 1 in Air Magic
  1519 | D:3      | Reached skill level 1 in Earth Magic
  1519 | D:3      | Reached skill level 1 in Poison Magic
  1534 | D:3      | Found a glowing drain.
  1579 | Sewer    | Entered a sewer
  1654 | Sewer    | Noticed a crocodile
  1663 | Sewer    | Killed a crocodile
  1663 | Sewer    | Reached XP level 5. HP: 47/47 MP: 5/7
  1737 | Sewer    | Learned a level 1 spell: Pain
  1896 | D:3      | Found a basalt altar of Yredelemnul.
  1924 | D:3      | Reached XP level 6. HP: 53/53 MP: 8/8
  2035 | D:3      | Reached skill level 5 in Maces & Flails
  2492 | D:4      | Reached XP level 7. HP: 59/59 MP: 10/10
  2917 | D:4      | Found Feaqec's Antique Weapon Shop.
  2937 | D:4      | Reached XP level 8. HP: 65/67 MP: 12/12
  3219 | D:4      | Found a bloodstained altar of Trog.
  3219 | D:4      | Found a corrupted altar of Lugonu.
  3240 | D:5      | Entered Level 5 of the Dungeon
  3283 | D:5      | Found a hide-covered altar of Uskayaw.
  3286 | D:5      | Found an iron altar of Okawaru.
  3299 | D:5      | Became a worshipper of Warmaster Okawaru
  3385 | D:5      | Got an encrusted spear
  3386 | D:5      | Identified the +4 spear "Hywoojo" {flame, MR- Dex+6 SInv}
                  | (You found it on level 5 of the Dungeon)
  3671 | D:5      | Found a burning altar of Makhleb.
  3672 | D:5      | Found an ornate altar of the Wu Jian Council.
  3786 | D:5      | Reached * piety under Okawaru
  3786 | D:5      | Reached XP level 9. HP: 72/72 MP: 8/14
  4129 | D:5      | Found a sparkling altar of Nemelex Xobeh.
  4191 | D:5      | Found a shimmering altar of Xom.
  4192 | D:5      | Found a hazy altar of Hepliaklqana.
  4193 | D:5      | Noticed a spectral ugly thing
  4416 | D:6      | Found Litilo's Assorted Antiques.
  4605 | D:6      | Noticed a purple ugly thing
  4606 | D:6      | Noticed a six-headed hydra
  4625 | D:6      | Killed a six-headed hydra
  4625 | D:6      | Reached ** piety under Okawaru
  4722 | D:6      | Killed a purple ugly thing
  4722 | D:6      | Reached skill level 5 in Invocations
  4722 | D:6      | Reached XP level 10. HP: 34/80 MP: 15/17
  5011 | D:6      | Reached *** piety under Okawaru
  5011 | D:6      | Reached skill level 5 in Short Blades
  5011 | D:6      | Reached skill level 5 in Long Blades
  5011 | D:6      | Reached skill level 5 in Axes
  5011 | D:6      | Reached skill level 5 in Polearms
  5011 | D:6      | Reached skill level 5 in Staves
  5011 | D:6      | Reached skill level 5 in Slings
  5011 | D:6      | Reached skill level 5 in Bows
  5011 | D:6      | Reached skill level 5 in Crossbows
  5011 | D:6      | Reached skill level 5 in Throwing
  5011 | D:6      | Reached skill level 5 in Dodging
  5011 | D:6      | Reached skill level 5 in Stealth
  5011 | D:6      | Reached skill level 5 in Unarmed Combat
  5011 | D:6      | Reached skill level 5 in Spellcasting
  5011 | D:6      | Reached skill level 5 in Evocations
  5313 | D:6      | Found a glowing silver altar of Zin.
  5495 | D:7      | Found a shattered altar of Ashenzari.
  5705 | D:7      | Reached **** piety under Okawaru
  5705 | D:7      | Received a gift from Okawaru
  5940 | D:7      | Found a staircase to the Lair.
  6439 | D:7      | Found a staircase to the Ecumenical Temple.
  6462 | Temple   | Entered the Ecumenical Temple
  7161 | D:8      | Found a sand-covered staircase.
  7188 | Ossuary  | Entered an ossuary
  7493 | D:8      | Reached XP level 11. HP: 83/87 MP: 19/19
  7506 | D:8      | Learned a level 1 spell: Sting
  7550 | D:8      | Found a staircase to the Orcish Mines.
  7609 | D:8      | Noticed Grum
  7637 | D:8      | Killed Grum
  7715 | D:8      | Noticed a white ugly thing
  7731 | D:8      | Killed a white ugly thing
  8129 | D:8      | Reached ***** piety under Okawaru
  8129 | D:8      | Reached skill level 5 in Conjurations
  8129 | D:8      | Reached skill level 5 in Hexes
  8129 | D:8      | Reached skill level 5 in Charms
  8129 | D:8      | Reached skill level 5 in Summonings
  8129 | D:8      | Reached skill level 5 in Necromancy
  8129 | D:8      | Reached skill level 5 in Translocations
  8129 | D:8      | Reached skill level 5 in Transmutations
  8129 | D:8      | Reached skill level 5 in Fire Magic
  8129 | D:8      | Reached skill level 5 in Ice Magic
  8129 | D:8      | Reached skill level 5 in Air Magic
  8129 | D:8      | Reached skill level 5 in Earth Magic
  8129 | D:8      | Reached skill level 5 in Poison Magic
  8159 | D:8      | Received a gift from Okawaru
  8545 | Lair:1   | Entered Level 1 of the Lair of Beasts
  8603 | Lair:1   | Received a gift from Okawaru
  9319 | Lair:1   | Noticed an eight-headed hydra
  9326 | Lair:1   | Killed an eight-headed hydra
  9422 | Lair:1   | Noticed a four-headed hydra
  9439 | Lair:1   | Killed a four-headed hydra
  9794 | Lair:1   | Learned a level 2 spell: Poisonous Vapours
  9840 | Lair:1   | Got a tattered robe
  9950 | Lair:1   | Got a shadowed robe
  9961 | Lair:1   | Identified the +0 robe of a bazaar {rElec Dex+3} (You found
                  | it on level 1 of the Lair of Beasts)
  9971 | Lair:1   | Identified the +2 robe of the Spider Nest {rF- rN+++ Slay-3
                  | Stlth+} (You found it on level 1 of the Lair of Beasts)
 10088 | Lair:1   | Found a basalt altar of Yredelemnul.
 10806 | Lair:2   | Reached XP level 12. HP: 78/96 MP: 22/22
 12082 | Lair:3   | Found a staircase to the Snake Pit.
 12532 | Lair:3   | Noticed a catoblepas
 12571 | Lair:3   | Killed a catoblepas
 12571 | Lair:3   | Received a gift from Okawaru
 13261 | Lair:3   | Reached skill level 10 in Fighting
 13261 | Lair:3   | Reached skill level 10 in Armour
 13261 | Lair:3   | Reached skill level 10 in Shields
 13434 | Lair:3   | Got a spiked leather armour
 13545 | Lair:3   | Received a gift from Okawaru
 13548 | Lair:3   | Got a polished triple sword {god gift}
 13574 | Lair:3   | Identified the cursed +0 leather armour "Aqidi" {rC- MR+++
                  | Dex+7 Stlth-} (You found it on level 3 of the Lair of
                  | Beasts)
 13579 | Lair:3   | Identified the +4 triple sword "Raenteng" {freeze, rF+ rC-
                  | MR+ Int+7} (Okawaru gifted it to you on level 3 of the Lair
                  | of Beasts)
 13585 | Lair:3   | Learned a level 4 spell: Olgreb's Toxic Radiance
 13832 | Lair:3   | Learned a level 3 spell: Ignite Poison
 14106 | Lair:3   | Reached XP level 13. HP: 103/103 MP: 13/24
 14403 | Lair:4   | Found a staircase to the Swamp.
 14500 | Lair:4   | Reached skill level 10 in Maces & Flails
 14732 | Lair:4   | Slain by a blink frog
 14733 | Lair:4   | Reached XP level 12. HP: -3/97 MP: 23/23
 16042 | Orc      | Entered the Orcish Mines
 16048 | Orc      | Found a staircase to the Elven Halls.
 16124 | Orc      | Received a gift from Okawaru
 16203 | Orc      | Noticed a centaur warrior
 16219 | Orc      | Killed a centaur warrior
 16219 | Orc      | Shot with an arrow by a centaur
 16220 | Orc      | Reached XP level 11. HP: -3/92 MP: 4/23
 16257 | Orc      | Noticed a centaur warrior
 16262 | Orc      | HP: 2/92 [centaur warrior/arrow (13)]
 16266 | Orc      | Shot with a bolt by an orc warrior

Skill      XL: |  1  2  3  4  5  6  7  8  9 10 11 12 13 |
---------------+----------------------------------------+-----
Short Blades   | 1 2 3 4 5 6 8 |  8.2
Long Blades    | 1 2 3 4 5 6 8 |  8.2
Axes           | 1 2 3 4 5 6 8 |  8.2
Polearms       | 1 2 3 4 5 6 8 |  8.2
Staves         | 1 2 3 4 5 6 8 |  8.2
Slings         | 1 2 3 4 5 6 8 |  8.2
Bows           | 1 2 3 4 5 6 8 |  8.2
Crossbows      | 1 2 3 4 5 6 8 |  8.2
Throwing       | 1 2 3 4 5 6 8 |  8.2
Dodging        | 1 2 3 4 5 6 8 |  8.2
Stealth        | 1 2 3 4 5 6 8 |  8.2
Unarmed Combat | 1 2 3 4 5 6 8 |  8.2
Spellcasting   | 1 2 3 4 5 6 8 |  8.2
Invocations    | 1 2 3 4 5 6 7 9 |  9.0
Evocations     | 1 2 3 4 5 6 8 |  8.2
Conjurations   | 1 2 3 4 5 6 |  6.8
Hexes          | 1 2 3 4 5 6 |  6.8
Charms         | 1 2 3 4 5 6 |  6.8
Summonings     | 1 2 3 4 5 6 |  6.8
Necromancy     | 1 2 3 4 5 6 |  6.8
Translocations | 1 2 3 4 5 6 |  6.8
Transmutations | 1 2 3 4 5 6 |  6.8
Fire Magic     | 1 2 3 4 5 6 |  6.8
Ice Magic      | 1 2 3 4 5 6 |  6.8
Air Magic      | 1 2 3 4 5 6 |  6.8
Earth Magic    | 1 2 3 4 5 6 |  6.8
Poison Magic   | 1 2 3 4 5 6 |  6.8
Maces & Flails | 5 6 7 8 9 10 | 10.5
Fighting       | 7 8 9 10 | 10.4
Armour         | 7 8 9 10 | 10.4
Shields        | 7 8 9 10 | 10.4

Action                   |  1- 3 |  4- 6 |  7- 9 | 10-12 | 13-15 || total
-------------------------+-------+-------+-------+-------+-------++-------
Melee: Flail             |    77 |       |       |   412 |       ||   489
       Bite              |    13 |    17 |    51 |   172 |    12 ||   265
       Spear             |    13 |   167 |   286 |   533 |       ||   999
       Triple sword      |       |       |       |    59 |    62 ||   121
Throw: Stone             |       |     1 |       |       |       ||     1
       Javelin           |       |       |       |   146 |       ||   146
 Cast: Pain              |       |       |     8 |    28 |       ||    36
       Ignite Poison     |       |       |       |    11 |     1 ||    12
       Olgreb's Toxic Ra |       |       |       |     8 |       ||     8
       Sting             |       |       |       |     2 |       ||     2
       Poisonous Vapours |       |       |       |     1 |       ||     1
Invok: Heroism           |       |       |     1 |    20 |     4 ||    25
  Use: Scroll            |     6 |     6 |     3 |    10 |     3 ||    28
       Potion            |       |       |     2 |     4 |     1 ||     7
 Stab: Sleeping          |       |       |     2 |     1 |       ||     3
       Distracted        |       |       |     1 |       |       ||     1
  Eat: Chunk             |       |     5 |     8 |    26 |     3 ||    42
       Ration            |       |       |       |     3 |       ||     3
Armor: Scale mail        |    53 |    47 |    57 |   198 |       ||   355
       Leather armour    |       |       |       |    15 |    26 ||    41
Dodge: Dodged            |    37 |    38 |    74 |   475 |   130 ||   754
Block: Medium shield     |    53 |    79 |   109 |   503 |       ||   744
       Other             |       |       |       |    27 |    30 ||    57
